 Dungeon Crawl Stone Soup version 0.29.1-15-g9cfb28693d (webtiles) character file.

Game seed: 6734858098331307637

32433 croobank the Brawler (level 13, -2/131 HPs)
             Began as a Troll Fighter on Apr 22, 2023.
             Was a High Priest of Wu Jian.
             Slain by a five-headed hydra (5 damage)
             ... on level 3 of the Lair of Beasts.
             The game lasted 01:08:49 (15438 turns).

croobank the Brawler (Troll Fighter)               Turns: 15438, Time: 01:08:49

Health: -2/131     AC:  9    Str: 27    XL:     13   Next: 31%
Magic:  0/12       EV: 15    Int: 11    God:    Wu Jian [*****.]
Gold:   520        SH: 12    Dex:  4    Spells: 12/12 levels left

rFire   . . .      SeeInvis .   h - +8 whip of Porui {chaos, rElec Int+3 Dex-5}
rCold   . . .      Faith    .   b - +3 kite shield
rNeg    . . .      Spirit   +   H - +5 robe of Dust Devil {rElec}
rPois   +          Reflect  .   (helmet restricted)
rElec   +          Harm     .   (no cloak)
rCorr   .          Rampage  .   (gloves unavailable)
Will    .....                   (boots unavailable)
Stlth   +.........              d - amulet of guardian spirit
HPRegen 1.11/turn               m - ring of flight
MPRegen 0.13/turn               y - ring of poison resistance

@: exhausted, in a heavenly storm, flying, glowing
A: large, unfitting armour, claws 3, regeneration 1, shaggy fur 1, tough skin 1
a: Renounce Religion, Wall Jump, Serpent's Lash, Heavenly Storm


You were on level 3 of the Lair of Beasts.
You worshipped Wu Jian.
Wu Jian was extremely pleased with you.
You visited 3 branches of the dungeon, and saw 17 of its levels.
You also visited: Bailey.

You collected 744 gold pieces.
You spent 224 gold pieces at shops.

Inventory:

Hand Weapons
 a - the +6 dagger of Kikubaaqudgha's Regard {pain, rN+ Str-5 Dex+4 SInv}
   (You found it on level 8 of the Dungeon)

   In the hands of one skilled in necromantic magic, it inflicts extra damage on
   living creatures.
   Str:       It affects your strength (-5).
   Dex:       It affects your dexterity (+4).
   rN:        It protects you from negative energy.
   SInv:      It lets you see invisible.
 e - a +0 morningstar
 g - a +5 falchion
 h - the +8 whip of Porui (weapon) {chaos, rElec Int+3 Dex-5}
   (You found it on level 2 of the Dungeon)

   Each time it hits an enemy it has a different, random effect.
   Int:       It affects your intelligence (+3).
   Dex:       It affects your dexterity (-5).
   rElec:     It insulates you from electricity.
 l - a +2 mace of holy wrath
 q - a +2 hand axe of electrocution
 E - a +3 vorpal scimitar
 F - a +3 dagger of distortion
Missiles
 t - 4 large rocks
 w - 22 poisoned darts
 G - 3 curare-tipped darts
Armour
 b - a +3 kite shield (worn)
 H - the +5 robe of Dust Devil (worn) {rElec}
   (You found it on level 8 of the Dungeon)

   rElec:     It insulates you from electricity.
Jewellery
 d - an amulet of guardian spirit (around neck)
 m - a ring of flight (left claw)
 o - a ring of magical power
 y - a ring of poison resistance (right claw)
 J - a ring of ice
 O - a ring of protection from cold
Wands
 f - a wand of mindburst (15)
 i - a wand of polymorph (8)
 r - a wand of flame (44)
 D - a wand of paralysis (17) (quivered)
Scrolls
 x - 5 scrolls of poison
 A - 3 scrolls of identify
 C - 3 scrolls of teleportation
 K - 2 scrolls of amnesia
 M - 4 scrolls of butterflies
Potions
 c - a potion of cancellation
 j - 3 potions of magic
 k - 4 potions of curing
 n - 2 potions of heal wounds
 s - 5 potions of attraction
 u - 3 potions of flight
 v - 5 potions of mutation
 z - 4 potions of brilliance
 B - a potion of ambrosia
 I - 3 potions of lignification
 N - 3 potions of invisibility
Miscellaneous
 L - a condenser vane


   Skills:
 + Level 9.4 Fighting
 + Level 8.0 Dodging
 + Level 10.2 Shields
 * Level 15.1 Unarmed Combat


You had 12 spell levels left.
You didn't know any spells.
Your spell library contained the following spells:

 Spells                   Type           Power      Damage    Failure   Level
 Shock                    Conj/Air       0%         1d3       54%         1
 Scorch                   Fire           0%         2d5       69%         2
 Swiftness                Air            0%         N/A       89%         3
 Airstrike                Air            0%         2d(0-16)  100%        4
 Anguish                  Hex/Necr       0%         N/A       100%        4
 Corpse Rot               Necr/Pois/Air  0%         N/A       100%        4
 Dispel Undead            Necr           0%         3d6       100%        4
 Flame Wave               Conj/Fire      0%         2d4       100%        4
 Death Channel            Necr           0%         N/A       100%        6
 Summon Cactus Giant      Summ           0%         N/A       100%        6
 Enfeeble                 Hex            0%         N/A       100%        7


Dungeon Overview and Level Annotations

Branches:
Dungeon (13/15)            Temple (1/1) D:4            Lair (3/5) D:9
 Bailey (visited)
  Swamp: Lair:2-3    Shoals: Lair:2-3     Snake: Lair:2-3    Spider: Lair:2-3
    Orc: D:9-12      Vaults: D:13-14

Altars:
Ashenzari
Cheibriados
Dithmenos
Elyvilon
Fedhas
Gozag
Hepliaklqana
Kikubaaqudgha
Makhleb
Nemelex Xobeh
Okawaru
Qazlal
Ru
Sif Muna
Trog
Uskayaw
Vehumet
Wu Jian
Xom
Yredelemnul
Zin
The Shining One

Shops:
D:7 (

Annotations:
D:8 3 runed translucent doors, sigtrap's ghost, journeyman GnFi; turdburglar's ghost, novice DrCj


Innate Abilities, Weirdness & Mutations

You are too large for most types of armour.
You have claws for hands.
Your natural rate of healing is unusually fast.
You are covered in fur. (AC +1)
You have tough skin. (AC +1)


Message History

The five-headed hydra bites you!!
You block the five-headed hydra's attack.
You block the black mamba's attack.
You spin and attack the black mamba.
You hit the black mamba. You burn the black mamba.
The black mamba is lightly wounded.
You hear an angry growl.
The black mamba closely misses you.
You spin and attack the five-headed hydra.
You whack the five-headed hydra!
The five-headed hydra suddenly seems more agile.
The five-headed hydra is heavily wounded.
You block the black mamba's attack.
You whack the five-headed hydra!
Nothing appears to happen.
The five-headed hydra is severely wounded.
You hear an angry growl.
The black mamba bites you. The five-headed hydra bites you!
You block the five-headed hydra's attack.
The five-headed hydra bites you!
* * * LOW HITPOINT WARNING * * *
You block the five-headed hydra's attack.
The five-headed hydra bites you!
* * * LOW HITPOINT WARNING * * *
The black mamba barely misses you.
You block the five-headed hydra's attack.
The five-headed hydra bites you.
* * * LOW HITPOINT WARNING * * *
The five-headed hydra closely misses you.
The five-headed hydra bites you.
* * * LOW HITPOINT WARNING * * *
The five-headed hydra bites you.
* * * LOW HITPOINT WARNING * * *
The black mamba closely misses you.
Okay, then.
You feel much better. You block the black mamba's attack.
The five-headed hydra misses you. The five-headed hydra bites you!!
* * * LOW HITPOINT WARNING * * *
The five-headed hydra closely misses you.
The five-headed hydra bites you.
You die...

.... #............
......##..........
.......... #...#
......#..###..##
..........#.#<.##
............#...##
...#.§§§§§..#....##
#..#§§§§☼§.##....#
..#..§#@§§☼.......######
.>...hSD☼§§.......#....P
h....§§§☼☼##.#..........
.#...☼§§§##P.#.........#
####§§##☼..............
#........#.....#....
#..#.........### ...
#.#...........#
...##........###


You could see a five-headed hydra (strong, agile, very poisoned), a polar bear
(wandering) and a black mamba.

Vanquished Creatures
  2 boulder beetles
  3 two-headed ogres
  The ghost of nroviw the Skirmisher, a novice MiHu of Okawaru (D:9)
  5 death yaks (Lair:1)
  Pikel (D:4)
  A cyclops (D:12)
  2 manticores
  2 cane toads
  2 gargoyles (D:10)
  2 kobold demonologists
  An unseen horror zombie (D:9)
  Psyche (D:8)
  5 komodo dragons
  4 hornets
  5 slime creatures
  5 blink frogs (Lair:2)
  A yak (shapeshifter) (D:4)
  A shadow (D:10)
  A spriggan (Lair:1)
  2 basilisks
  2 wyverns
  31 yaks
  2 wraiths
  12 vampire mosquitoes
  2 steam dragons
  An acid dragon (D:11)
  3 wargs (D:8)
  6 water moccasins
  4 sky beasts
  A black bear (D:4)
  19 orc warriors
  An ice beast (D:7)
  An ogre (D:5)
  43 wolves
  10 centaurs
  3 lemures (D:4)
  4 kobold brigands
  11 bullfrogs
  4 scorpions
  2 necrophages
  3 wights (D:10)
  3 electric eels
  A howler monkey (D:10)
  3 hounds
  A jelly (D:6)
  4 gnoll boudas
  10 orc priests
  4 iguanas
  Jessica (D:3)
  9 orc wizards
  Ijyb (D:3)
  A killer bee zombie (D:9)
  29 gnolls
  10 adders
  A white imp (D:7)
  An ufetubus (D:7)
  3 dart slugs
  51 orcs
  6 ball pythons
  5 bats
  5 endoplasms
  2 giant cockroaches
  3 hobgoblins
  12 jackals
  19 kobolds
  4 quokkas
  2 frilled lizards (D:2)
  4 goblins
  2 rats (D:1)
409 creatures vanquished.

Vanquished Creatures (others)
  5 fungi
  12 plants
  6 withered plants (D:8)
23 creatures vanquished.

Grand Total: 432 creatures vanquished

Notes
Turn   | Place    | Note
-------+----------+-------------------------------------------
     0 | D:1      | croobank the Troll Fighter began the quest for the Orb.
     0 | D:1      | Reached XP level 1. HP: 22/22 MP: 0/0
   184 | D:1      | Reached XP level 2. HP: 29/29 MP: 1/1
   230 | D:1      | You fall into a shaft and drop 1 floor!
   328 | D:2      | Reached XP level 3. HP: 31/36 MP: 2/2
   333 | D:2      | Reached skill level 3 in Unarmed Combat
   360 | D:2      | Identified the +8 whip of Porui {chaos, rElec Int+3 Dex-5}
   400 | D:2      | Reached XP level 4. HP: 33/44 MP: 3/3
   641 | D:1      | Found a faded altar of an unknown god.
  1227 | D:3      | Noticed a necrophage
  1228 | D:3      | Noticed Ijyb
  1235 | D:3      | Killed a necrophage
  1236 | D:3      | Reached skill level 4 in Unarmed Combat
  1236 | D:3      | Reached XP level 5. HP: 47/53 MP: 4/4
  1237 | D:3      | Killed Ijyb
  1409 | D:3      | Noticed Jessica
  1415 | D:3      | Killed Jessica
  1416 | D:3      | Reached XP level 6. HP: 61/61 MP: 5/5
  2093 | D:4      | Noticed a shapeshifter
  2093 | D:4      | an orc priest changed into a shapeshifter
  2093 | D:4      | Noticed a yak
  2093 | D:4      | a shapeshifter changed into a yak
  2097 | D:4      | Killed a yak
  2098 | D:4      | Reached skill level 5 in Unarmed Combat
  2177 | D:4      | Found a staircase to the Ecumenical Temple.
  2189 | Temple   | Entered the Ecumenical Temple
  2194 | Temple   | Became a worshipper of the Wu Jian Council
  2207 | D:4      | Reached XP level 7. HP: 45/68 MP: 3/6
  2384 | D:4      | Reached skill level 6 in Unarmed Combat
  2542 | D:4      | Found a hazy altar of Hepliaklqana.
  2919 | D:4      | Noticed Pikel
  2981 | D:4      | Killed Pikel
  2982 | D:4      | Reached skill level 5 in Shields
  2982 | D:4      | Reached skill level 7 in Unarmed Combat
  2982 | D:4      | Reached XP level 8. HP: 79/79 MP: 7/7
  3336 | D:5      | Entered Level 5 of the Dungeon
  3557 | D:5      | Reached * piety under Wu Jian
  3756 | D:5      | Reached skill level 5 in Fighting
  4183 | D:5      | Reached skill level 8 in Unarmed Combat
  4767 | D:6      | Reached XP level 9. HP: 86/88 MP: 5/8
  5340 | D:6      | Reached skill level 9 in Unarmed Combat
  5480 | D:7      | Noticed a boulder beetle
  5519 | D:7      | Found Loshe's Antique Weapon Emporium.
  5964 | D:7      | Reached ** piety under Wu Jian
  6057 | D:7      | Killed a boulder beetle
  6112 | D:7      | Reached skill level 10 in Unarmed Combat
  6250 | D:7      | Bought a glowing scimitar for 224 gold pieces
  6602 | D:7      | Found a bloodstained altar of Trog.
  6652 | D:7      | Reached XP level 10. HP: 71/100 MP: 6/9
  6992 | D:8      | Identified the +6 dagger of Kikubaaqudgha's Regard {pain,
                  | rN+ Str-5 Dex+4 SInv}
  7395 | D:8      | Noticed Psyche
  7402 | D:8      | Killed Psyche
  7494 | D:8      | Reached *** piety under Wu Jian
  7499 | D:8      | Identified the +5 robe of Dust Devil {rElec}
  7696 | D:8      | Found a runed translucent gate.
  7697 | D:8      | Found a runed translucent gate.
  7698 | D:8      | Found a runed translucent gate.
  7699 | D:8      | Noticed sigtrap's ghost (journeyman GnFi)
  7700 | D:8      | Noticed turdburglar's ghost (novice DrCj)
  8071 | D:9      | Found a sacrificial altar of Ru.
  8289 | D:9      | Found a runed translucent door.
  8289 | D:9      | Noticed nroviw's ghost (novice MiHu)
  8361 | D:9      | Reached skill level 11 in Unarmed Combat
  8430 | D:9      | Found a staircase to the Lair.
  8533 | D:9      | Noticed a manticore
  8538 | D:9      | Killed a manticore
  8539 | D:9      | Reached skill level 5 in Dodging
  8807 | D:9      | Found a basalt altar of Yredelemnul.
  8912 | D:10     | Entered Level 10 of the Dungeon
  8965 | D:10     | Noticed a gargoyle
  8967 | D:10     | Killed a gargoyle
  8968 | D:10     | Reached XP level 11. HP: 88/108 MP: 8/10
  8979 | D:10     | Found a flagged portal.
  8987 | Bailey   | Entered a bailey
  9359 | Bailey   | Found the +9 heavy crossbow "Sniper" {vorpal, Acc+∞ SInv}
  9359 | Bailey   | Noticed an orc knight
  9359 | Bailey   | Noticed an orc knight
  9440 | D:10     | Found an iron altar of Okawaru.
  9450 | D:10     | Noticed a two-headed ogre
  9459 | D:10     | Killed a two-headed ogre
  9460 | D:10     | Reached skill level 12 in Unarmed Combat
  9620 | D:10     | Reached **** piety under Wu Jian
  9662 | D:10     | Found a burning altar of Makhleb.
  9756 | D:10     | Found a blossoming altar of Fedhas.
  9979 | D:10     | Noticed a two-headed ogre
  9983 | D:10     | Killed a two-headed ogre
 10082 | D:11     | Found an iron altar of Okawaru.
 10293 | D:11     | Noticed a sun demon
 10447 | D:11     | Noticed a two-headed ogre
 10456 | D:11     | Killed a two-headed ogre
 11293 | D:13     | Reached skill level 13 in Unarmed Combat
 11475 | Lair:1   | Entered Level 1 of the Lair of Beasts
 11535 | Lair:1   | Noticed a spriggan rider
 11542 | Lair:1   | Reached XP level 12. HP: 49/120 MP: 5/11
 11680 | Lair:1   | Noticed a death yak
 11680 | Lair:1   | Noticed a death yak
 11702 | Lair:1   | Killed a death yak
 11710 | Lair:1   | Killed a death yak
 11721 | Lair:1   | Noticed a death yak
 11721 | Lair:1   | Noticed a death yak
 11724 | Lair:1   | Noticed a death yak
 11726 | Lair:1   | Reached ***** piety under Wu Jian
 11757 | Lair:1   | Killed a death yak
 11762 | Lair:1   | Killed a death yak
 11768 | Lair:1   | Killed a death yak
 11993 | Lair:1   | Reached skill level 14 in Unarmed Combat
 13687 | D:12     | Noticed a boulder beetle
 13738 | D:11     | Reached XP level 13. HP: 122/131 MP: 10/12
 13742 | D:11     | Reached skill level 10 in Shields
 14409 | D:9      | Killed nroviw's ghost
 14897 | Lair:2   | Reached skill level 15 in Unarmed Combat
 15400 | Lair:3   | Found an iron altar of Okawaru.
 15438 | Lair:3   | HP: 3/131 [five-headed hydra (23)]
 15438 | Lair:3   | Slain by a five-headed hydra

Illustrated notes

Levels and vault maps discovered:
D:1:      psy_arrival_terrarium, layout_loops_ring,
          hellmonk_ecumenical_altar_slurped_away
D:2:      layout_basic, chequers_serial_rivers_micro_a
D:3:      layout_loops_ring, serial_bayou_crossing, uniq_jessica, uniq_ijyb
D:4:      layout_basic, nicolae_overflow_crystal_walls,
          minmay_temple_entry_tees, uniq_pikel
D:5:      layout_cave_pools, nrook_uturn
D:6:      layout_basic
D:7:      layout_basic, trog_butcher_becter, serial_shops, shop
D:8:      layout_basic, gammafunk_ghost_cemetery, uniq_psyche
D:9:      layout_roguey, mainiacjoe_overflow_surrounded_room,
          lemuel_zombie_altar_yredelemnul, erik_lair_orcish_takeover,
          hellmonk_ghost_happy_afterlife, hangedman_abyss_or_decor_passed
D:10:     layout_loops_cross, mainiacjoe_overflow_alcove_4,
          mainiacjoe_overflow_six_doors_small,
          mainiacjoe_overflow_small_starburst, enter_bailey_2,
          serial_bayou_lagoon_b
D:11:     layout_stronghold, minmay_misc_feat_alley, okawaru_ov_weapons_minmay
D:12:     layout_roguey, hiddenorc1_lemuel, gauntlet_entry_generic, hex_medium
D:13:     minmay_blocky_corners, layout_basic, serial_rivers,
          chequers_serial_rivers_micro_d, chequers_serial_rivers_micro_d,
          chequers_serial_rivers_micro_b, chequers_serial_rivers_micro_d,
          uniq_jorgrun, uniq_snorg, uniq_azrael
Temple:   minmay_freezing_vapour_temple
Lair:1:   layout_cave_pods, grunt_forest_large_clearings, grunt_megastairs_4
Lair:2:   layout_regular_city, infiniplex_staircase_pool
Lair:3:   layout_misc_corridors, shoals_dummy_entry, spider_nest_entry_webs,
          basic_altar

Skill      XL: |  1  2  3  4  5  6  7  8  9 10 11 12 13 |
---------------+----------------------------------------+-----
Shields        | 3 4 5 6 7 8 9 10 | 10.2
Unarmed Combat | 3 4 5 7 8 10 11 13 14 15 | 15.1
Fighting       | 3 4 5 6 7 8 9 |  9.4
Dodging        | 3 5 6 7 8 |  8.0

Action                   |  1- 3 |  4- 6 |  7- 9 | 10-12 | 13-15 || total
-------------------------+-------+-------+-------+-------+-------++-------
Melee: Unarmed           |    63 |       |   378 |   696 |   138 ||  1275
       Whip              |     3 |   100 |     5 |       |    13 ||   121
Throw: Throwing net      |       |       |     4 |       |       ||     4
       Dart              |       |       |       |     1 |       ||     1
Invok: Lunge             |       |     1 |    27 |    29 |     8 ||    65
       Whirlwind         |       |       |    27 |    58 |     6 ||    91
       Serpent's Lash    |       |       |       |     2 |     2 ||     4
       Heavenly Storm    |       |       |       |       |     1 ||     1
 Abil: Wall Jump         |       |       |       |     4 |     2 ||     6
Evoke: Wand              |       |       |     3 |     8 |     1 ||    12
       Condenser vane    |       |       |       |     1 |       ||     1
  Use: Scroll            |       |    11 |    10 |    15 |     5 ||    41
       Potion            |       |     1 |     3 |     3 |     2 ||     9
 Stab: Paralysed         |       |     1 |       |     2 |       ||     3
       Held in net/web   |       |       |     1 |       |       ||     1
       Sleeping          |       |       |     2 |     1 |       ||     3
       Invisible         |       |       |       |     4 |       ||     4
       Distracted        |       |       |       |     1 |       ||     1
Armor: Robe              |    32 |    48 |    66 |   158 |    32 ||   336
       Skin              |       |       |     6 |     5 |       ||    11
Dodge: Dodged            |    31 |    48 |   110 |   275 |    44 ||   508
Block: Kite shield       |    33 |    34 |   117 |   292 |    66 ||   542
